 Dungeon Crawl Stone Soup version 0.29.1 (webtiles) character file.

Game seed: 15944570029841985453

51 greasedhog the Trooper (level 3, 0/36 HPs)
             Began as a Gargoyle Abyssal Knight on Sept 13, 2022.
             Was a Priest of Lugonu.
             Slain by Sigmund
             ... wielding a +0 scythe
              (5 damage)
             ... on level 2 of the Dungeon.
             The game lasted 00:02:06 (1422 turns).

greasedhog the Trooper (Gargoyle Abyssal Knight)    Turns: 1422, Time: 00:02:07

Health: 0/36       AC: 10    Str: 18    XL:     3   Next: 81%
Magic:  5/5        EV:  9    Int: 10    God:    Lugonu [***...]
Gold:   82         SH:  0    Dex: 10    Spells: 2/2 levels left

rFire   . . .      SeeInvis .   a - +1 mace
rCold   . . .      Faith    .   e - orb {*Rage}
rNeg    + . .      Spirit   .   i - +1 scale mail
rPois   ∞          Reflect  .   (no helmet)
rElec   +          Harm     .   (no cloak)
rCorr   .          Rampage  .   (no gloves)
Will    .....      Rage     20% (no boots)
Stlth   ..........              (no amulet)
HPRegen 0.12/turn               (no ring)
MPRegen 0.09/turn               (no ring)

@: mighty, berserking, very quick
A: sickness immunity, AC +3, negative energy resistance 1, electricity
resistance, torment resistance 1, petrification resistance
a: Renounce Religion, Depart the Abyss, Bend Space, Banish


You were on level 2 of the Dungeon.
You worshipped Lugonu.
Lugonu was most pleased with you.
You visited 1 branch of the dungeon, and saw 2 of its levels.
You visited the Abyss 1 time.

You collected 82 gold pieces.

Inventory:

Hand Weapons
 a - a +1 mace (weapon)
Armour
 e - an orb of wrath (worn)
 i - a +1 scale mail (worn)
Scrolls
 c - 2 scrolls of enchant armour


   Skills:
 * Level 4.0 Fighting
 * Level 2.8 Maces & Flails
 - Level 2.1 Armour
 - Level 0.7 Dodging
 * Level 2.9 Invocations


You had 2 spell levels left.
You didn't know any spells.
Your spell library contained the following spells:

 Spells                   Type           Power      Damage    Failure   Level
 Sandblast                Erth           0%         2d4       77%         1
 Passwall                 Tmut/Erth      0%         N/A       88%         2
 Stone Arrow              Conj/Erth      0%         3d7       98%         3
 Fulminant Prism          Conj/Hex       0%         3d6       100%        4
 Iskenderun's Mystic Bla  Conj/Tloc      0%         2d3       100%        4
 Lee's Rapid Deconstruct  Erth           0%         3d5*      100%        5


Dungeon Overview and Level Annotations

Branches:
Dungeon (2/15)

Altars:

Annotations:
D:2 Sigmund


Innate Abilities, Weirdness & Mutations

You are immune to sickness and miasma.
Your stone body is resilient. (AC +3)
You are immune to poison.
You resist negative energy. (rN+)
You are resistant to electric shocks. (rElec)
You are resistant to unholy torment.
You are immune to petrification.


Message History

As you read the scroll of poison, it crumbles to dust.
Sigmund casts a spell at you.
You are confused.
You bump into the rock wall.
Unknown command.
You feel yourself speed up.
Sigmund zaps a wand.
The roots erupt in riotous growth!
The grasping roots grab you!
The now-empty wand crumbles to dust.
The grasping roots constrict you.
You escape the roots grasp.
You feel less confused.
Sigmund points at you and mumbles some strange words.
The magic dart hits you!
* * * LOW HITPOINT WARNING * * *
You see here a rat corpse.
The air fills with toxic fumes!
As you read the scroll of poison, it crumbles to dust.
It was a potion of might.
You feel very mighty all of a sudden.
You recover from your berserk rage.
Sigmund smiles chillingly.
Sigmund mumbles some strange words.
Sigmund flickers and vanishes!
Deactivating autopickup; reactivate with Ctrl-A.
You are confused.
You hear some strange, mumbled words.
A puff of flame appears from out of thin air!
The puff of flame hits you.
* * * LOW HITPOINT WARNING * * *
It was a potion of magic.
Magic courses through your body. Something hits you but does no damage.
Something hits you but does no damage.
You hear some strange, mumbled words.
Something tries to affect you, but you resist.
A red film seems to cover your vision as you go berserk!
You feel yourself moving faster!
You feel mighty!
You closely miss something.
You feel less confused. Something hits you but does no damage.
You barely miss something. Something hits you.
You die...

*,,,*,***##########...^##,,,*,**,
,,,,,,,,,.......☼....8..#,,,,8**,
,,*,*,,,,.....☼○☼☼†○.##...#*,_**,
,,*,,,,,,.....○..☼○.###*.##,8***,
,,****,,,.....☼.○..○.☼#**#**** *,
,,* *,,,.......°.°†..######*****
,,****,,,.......○...○.†°##.#,**,,
,,,,,,,,,.......○.☼..○○....#,**,,
,,,,,,,,,......○@☼.☼.☼##.###,,+,,
,,,,,,,**######..{○..°...# ****,,
,,,,,,,* *..○○☼°.○○##### ***
,,,,,,,* #.........# * ,,,,,,,*
#.........# * ********
#.........# * #.........#
#.........# *.........#


There were no monsters in sight!

Vanquished Creatures
  A gnoll (D:2)
  A worm (D:2)
  3 ball pythons (D:1)
  3 bats
  6 endoplasms (D:1)
  A giant cockroach (D:2)
  4 goblins (D:1)
  5 hobgoblins
  2 kobolds (D:1)
  A quokka (D:2)
  3 frilled lizards (D:1)
  7 rats
37 creatures vanquished.

Notes
Turn   | Place    | Note
-------+----------+-------------------------------------------
     0 | Abyss:1  | greasedhog the Gargoyle Abyssal Knight began the quest for
                  | the Orb.
     0 | Abyss:1  | Reached XP level 1. HP: 14/14 MP: 2/2
     1 | D:1      | Escaped the Abyss
   128 | D:1      | Reached XP level 2. HP: 19/19 MP: 3/3
   488 | D:1      | Reached XP level 3. HP: 24/24 MP: 4/4
   942 | D:2      | Reached *** piety under Lugonu
  1059 | D:2      | Reached skill level 4 in Fighting
  1392 | D:2      | Noticed Sigmund
  1422 | D:2      | Slain by Sigmund

Illustrated notes

Levels and vault maps discovered:
D:1:      minmay_arrival_shattered_statue, layout_basic, minmay_distorted
D:2:      layout_basic, shapermc_ecumenical_altar_petra, uniq_sigmund

Skill      XL: |  1  2  3 |
---------------+----------+-----
Fighting       | 4 |  4.0
Maces & Flails | |  2.8
Armour         | |  2.1
Dodging        | |  0.7
Invocations    | |  2.9

Action                   || total
-------------------------++-------
Melee: Mace              ||    81
  Use: Scroll            ||     8
       Potion            ||     2
Armor: Leather armour    ||    16
       Scale mail        ||    18
Dodge: Dodged            ||    51
